 Dungeon Crawl Stone Soup version 0.26.1-11-gd32895ea62 (webtiles) character file.

Game seed: 14283126785073211804

42 Arcadio the Grave Robber (level 3, -1/26 HPs)
             Began as a Hill Orc Necromancer on May 21, 2021.
             Slain by a frilled lizard (3 damage)
             ... on level 2 of the Dungeon.
             The game lasted 00:02:56 (1945 turns).

Arcadio the Grave Robber (Hill Orc Necromancer)     Turns: 1945, Time: 00:02:57

Health: -1/26      AC:  2    Str: 10    XL:     3   Next: 54%
Magic:  0/5        EV: 12    Int: 16    God:
Gold:   43         SH:  0    Dex: 11    Spells: 4/5 levels left

rFire    . . .     SeeInvis .   c - +0 short sword
rCold    . . .     Faith    .   (no shield)
rNeg     . . .     Spirit   .   a - +0 robe
rPois    .         Reflect  .   (no helmet)
rElec    .         Harm     .   (no cloak)
rCorr    .         Rampage  .   (no gloves)
Will     .....                  (no boots)
Stlth    ++........             (no amulet)
HPRegen  0.08/turn              (no ring)
MPRegen  0.09/turn              (no ring)

@: lethally poisoned (-1 -> -3)
A: no striking features
a: no special abilities


You were on level 2 of the Dungeon.
You visited 1 branch of the dungeon, and saw 2 of its levels.

You collected 43 gold pieces.

Inventory:

Hand Weapons
 c - a +0 short sword (weapon)
 l - a +2 dagger of speed
Armour
 a - a +0 robe (worn)
Scrolls
 b - a scroll of remove curse {unknown}
 d - a scroll of fog {unknown}
 e - a scroll of teleportation
 g - a scroll of random uselessness {unknown}
 h - a scroll of magic mapping {unknown}
 j - a scroll of identify {unknown}
Potions
 f - a potion of heal wounds {unknown}
 i - a potion of magic {unknown}
 k - a potion of brilliance {unknown}
 m - 2 potions of degeneration {unknown}


   Skills:
 + Level 2.4 Dodging
 - Level 1.5 Stealth
 - Level 1.5 Spellcasting
 + Level 4.6 Necromancy


You had 4 spell levels left.
You knew the following spells:

 Your Spells              Type           Power        Failure   Level
a - Pain                  Necr           64%          3%          1

Your spell library contained the following spells:

 Spells                   Type           Power        Failure   Level
 Animate Skeleton         Necr           32%          3%          1
 Vampiric Draining        Necr           8%           10%         3
 Animate Dead             Necr           8%           32%         4
 Agony                    Necr           16%          65%         5


Dungeon Overview and Level Annotations

Branches:
Dungeon (2/15)

Altars:
The Shining One


Message History

You feel sick. The adder closely misses you.
You feel sick.
You see here a rat corpse.
The adder closely misses you.
You feel sick. The adder bites you.
* * * LOW HITPOINT WARNING * * *
The frilled lizard unfolds its giant frill.
Casting: Pain (safe; 3% risk of failure)
Confirm with . or Enter, or press ? or * to list all spells.
Aiming: Pain (safe; 3% risk of failure)
Press: ? - help, Shift-Dir - straight line, f/p - adder
Aim: an adder (almost dead, chance to affect: 80%)
The adder writhes in agony.
You kill the adder!
* * * LOW HITPOINT WARNING * * *
You feel sick.
You closely miss the frilled lizard. The frilled lizard bites you.
You die...

##########.####......##
.........#.# #†##.#.#
.........#.####.##.#.##
.......................
..(....................>
......._.#.#.....#.#...
.........#<#.#.....#... ##
.........#.#...l....... ....
.........#.#.#.@....... .......
.........#.#.........##..#.#...#
.........#......................
.........#.#.#.......###.#.....#
..#####.##.#.#..................
. #.##...................... #.#
## #.................. #.#
#........<........# #.#
.#..#..............#


You could see a frilled lizard.

Vanquished Creatures
  An adder (D:2)
  A white imp (D:1)
  A dart slug (D:1)
  2 giant cockroaches (D:1)
  3 hobgoblins
  2 kobolds (D:1)
  A ball python (D:1)
  4 bats (D:1)
  4 frilled lizards (D:1)
  A goblin (D:1)
  6 rats
26 creatures vanquished.

Notes
Turn   | Place    | Note
-------+----------+-------------------------------------------
     0 | D:1      | Arcadio the Hill Orc Necromancer began the quest for the
                  | Orb.
     0 | D:1      | Reached XP level 1. HP: 14/14 MP: 3/3
   538 | D:1      | Reached XP level 2. HP: 12/20 MP: 0/4
  1371 | D:1      | Reached XP level 3. HP: 9/26 MP: 5/5
  1847 | D:2      | Found a glowing golden altar of the Shining One.
  1945 | D:2      | Slain by a frilled lizard

Illustrated notes

Levels and vault maps discovered:
D:1:      psy_arrival_terrarium, layout_basic, st_stairs_14,
          minmay_misc_feat_secret_circle
D:2:      minmay_roachtagon, layout_basic, overflow_temple_1_default,
          amethyst_overflow_temple_binary, minmay_misc_feat_cross, uniq_natasha

Skill      XL: |  1  2 |
---------------+-------+-----
Dodging        | 2 |  2.4
Stealth        | |  1.5
Spellcasting   | |  1.5
Necromancy     | |  4.6

Action                   || total
-------------------------++-------
Melee: Short sword       ||    23
 Cast: Pain              ||    47
  Use: Scroll            ||     1
Armor: Robe              ||     4
Dodge: Dodged            ||    31
